 Dungeon Crawl Stone Soup version 0.29.1-1-gd02db6906a (webtiles) character file.

Game seed: 8947982415167756336

54 Eitelfritz the Gusty (level 3, 0/19 HPs)
             Began as a Tengu Air Elementalist on Sept 16, 2022.
             Slain by a goblin
             ... wielding a +0 club
              (4 damage)
             ... on level 2 of the Dungeon.
             The game lasted 00:06:01 (1617 turns).

Eitelfritz the Gusty (Tengu Air Elementalist)       Turns: 1617, Time: 00:06:01

Health: 0/19       AC:  2    Str:  8    XL:     3   Next: 91%
Magic:  3/7        EV: 12    Int: 17    God:
Gold:   30         SH:  3    Dex: 14    Spells: 1/7 levels left

rFire   . . .      SeeInvis .   a - +0 spear
rCold   . . .      Faith    .   j - +0 buckler
rNeg    . . .      Spirit   .   k - +0 robe
rPois   .          Reflect  .   (helmet restricted)
rElec   .          Harm     .   (no cloak)
rCorr   .          Rampage  .   (no gloves)
Will    .....                   (boots unavailable)
Stlth   ++........              (no amulet)
HPRegen 0.06/turn               (no ring)
MPRegen 0.10/turn               (no ring)

@: no status effects
A: beak, talons 3
a: no special abilities


You were on level 2 of the Dungeon.
You visited 1 branch of the dungeon, and saw 2 of its levels.

You collected 30 gold pieces.

Inventory:

Hand Weapons
 a - a +0 spear (weapon)
 b - a +0 sling
Missiles
 c - 15 stones
Armour
 j - a +0 buckler (worn)
 k - a +0 robe (worn)
Scrolls
 e - a scroll of brand weapon {unknown}
 f - a scroll of teleportation {unknown}
 g - 3 scrolls of identify {unknown}
 h - a scroll of blinking {unknown}
 n - a scroll of butterflies {unknown}
Potions
 d - a potion of attraction {unknown}
 i - a potion of magic
 l - a potion of mutation {unknown}
 m - a potion of cancellation {unknown}


   Skills:
 + Level 0.1 Fighting
 + Level 0.2 Polearms
 + Level 2.5 Dodging
 + Level 2.1 Stealth
 + Level 2.6 Spellcasting
 + Level 2.3 Conjurations
 + Level 4.9 Air Magic


You had one spell level left.
You knew the following spells:

 Your Spells              Type           Power      Damage    Failure   Level
a - Shock                 Conj/Air       56%        1d6       5%          1
b - Static Discharge      Conj/Air       14%        3-5/arc   9%          2
c - Swiftness             Air            18%        N/A       10%         3

Your spell library contained the following spells:

 Spells                   Type           Power      Damage    Failure   Level
 Sandblast                Erth           4%         2d4       26%         1
 Sting                    Tmut/Pois      8%         1d3       26%         1
 Poisonous Vapours        Pois/Air       20%        N/A       14%         2
 Airstrike                Air            9%         2d(2-18)  32%         4
 Passwall                 Tmut/Erth      1%         N/A       36%         2
 Stone Arrow              Conj/Erth      12%        3d7       43%         3
 Olgreb's Toxic Radiance  Pois           2%         N/A       94%         4


Dungeon Overview and Level Annotations

Branches:
Dungeon (2/15)

Altars:

Annotations:
D:2 Robin


Innate Abilities, Weirdness & Mutations

You have a beak for a mouth.
You have claws for feet.


Message History

The goblin is heavily wounded.
The zap hits Robin.
Robin is severely wounded.
The adder bites you. You block the goblin's attack.
The goblin barely misses you.
Casting: Shock (safe; 5% risk of failure)
Confirm with . or Enter, or press ? or * to list all spells.
Aiming: Shock (safe; 5% risk of failure)
Press: ? - help, Shift-Dir - straight line, f/p - Robin
Aim: Robin, wielding a +0 mace, wearing a +1 animal skin and wearing a +0 helmet (severely wounded, 79% to hit)
The zap misses the adder.
The zap hits the goblin.
The goblin is moderately wounded.
The zap misses the goblin.
The zap hits Robin but does no damage.
Robin is severely wounded.
The zap misses the hobgoblin.
The adder closely misses you. The goblin barely misses you. x2
Robin roars a battlecry!
The goblins go into a battle-frenzy!
The adder attacks as you move away! The adder bites you.
The goblin hits you but does no damage. You block the adder's attack.
The goblin attacks as you move away! The goblin hits you with a +0 club.
The goblin attacks as you move away! The goblin barely misses you.
The hobgoblin no longer looks unusually strong.
The goblin attacks as you move away! The goblin hits you with a +0 club.
The goblin no longer looks unusually strong.
The goblin attacks as you move away! You block the goblin's attack.
The goblin attacks as you move away! The goblin misses you.
A goblin comes into view. It is wielding a +0 club.
Found a cloak.
The endoplasm quivers.
The goblin shouts!
Really walk into that dispersal trap?
You enter a dispersal trap!
The goblin blinks!
The adder blinks!
The endoplasm blinks!
The hobgoblin blinks!
The goblin blinks! x2; You blink.
The goblin attacks as you move away! The goblin hits you with a +0 club.
* * * LOW HITPOINT WARNING * * *
The goblin attacks as you move away! The goblin hits you but does no damage.
The hobgoblin attacks as you move away! The hobgoblin completely misses you.
The goblin attacks as you move away! The goblin hits you with a +0 club.
You die...

#§#...# #g#.#.#
#...#.######
#..........#
#....g.....#
##§...J.....#
#...........#
>......ggg...#
#..#....S@....#
####..........#
#......§...#
#.[........#
############


You could see an adder, an endoplasm, a hobgoblin and 4 goblins.

Vanquished Creatures
  A gnoll (D:1)
  3 dart slugs
  4 ball pythons (D:1)
  2 endoplasms (D:1)
  5 hobgoblins
  4 jackals (D:1)
  3 quokkas (D:1)
  5 bats (D:1)
  A frilled lizard (D:1)
  6 goblins
  A kobold (D:1)
35 creatures vanquished.

Notes
Turn   | Place    | Note
-------+----------+-------------------------------------------
     0 | D:1      | Eitelfritz the Tengu Air Elementalist began the quest for
                  | the Orb.
     0 | D:1      | Reached XP level 1. HP: 10/10 MP: 4/4
   157 | D:1      | Reached XP level 2. HP: 14/15 MP: 0/6
   437 | D:1      | Found a faded altar of an unknown god.
   478 | D:1      | Reached XP level 3. HP: 19/19 MP: 0/7
   938 | D:1      | Learned a level 2 spell: Static Discharge
   942 | D:1      | Learned a level 3 spell: Swiftness
  1587 | D:2      | Noticed Robin
  1617 | D:2      | Slain by a goblin

Illustrated notes

Levels and vault maps discovered:
D:1:      sevenhm_arrival_forest_fort_large_4, layout_loops_ring,
          basic_ecumenical_altar
D:2:      layout_rooms, uniq_robin

Skill      XL: |  1  2  3 |
---------------+----------+-----
Conjurations   | 2 |  2.3
Fighting       | |  0.1
Polearms       | |  0.2
Dodging        | |  2.5
Stealth        | |  2.1
Spellcasting   | |  2.6
Air Magic      | |  4.9

Action                   || total
-------------------------++-------
Melee: Unarmed           ||    13
       Kick              ||     6
       Peck              ||     3
       Spear             ||     5
 Cast: Shock             ||    72
Armor: Robe              ||     9
Dodge: Dodged            ||    36
Block: Buckler           ||     6
